 Dungeon Crawl Stone Soup version 0.20.1-1-g8b1a95d (webtiles) character file.

240 wojtek the Digger (level 6, 28/36 HPs)
             Began as an Octopode Earth Elementalist on Dec 25, 2017.
             Quit the game on level 4 of the Dungeon.
             The game lasted 00:05:33 (4729 turns).

wojtek the Digger (Octopode Earth Elementalist)     Turns: 4729, Time: 00:05:34

Health: 28/36      AC:  1    Str:  8    XL:     6   Next: 8%
Magic:  1/9        EV: 15    Int: 18    God:
Gold:   120        SH:  0    Dex: 13    Spells: 6/9 levels left

rFire    . . .     SeeInvis .   (no weapon)
rCold    . . .     Gourm    .   (no shield)
rNeg     . . .     Faith    .   (helmet restricted)
rPois    .         Spirit   .   (no amulet)
rElec    .         Reflect  .   f - ring of wizardry
rCorr    .         Harm     .   (no ring)
MR       .....                  (no ring)
Stlth    +++.......             (no ring)
Regen    0.2/turn               (no ring)
MPRegen  0.2/turn               (no ring)
                                (no ring)
                                (no ring)

@: no status effects
A: almost no armour, stealthy swim, amphibious, 8 rings, constrict 8, camouflage
1, gelatinous body 1
a: no special abilities


You were on level 4 of the Dungeon.
You were hungry.

You visited 1 branch of the dungeon, and saw 4 of its levels.

You collected 120 gold pieces.

Inventory:

Missiles
 b - 47 stones (quivered)
Jewellery
 f - a ring of wizardry (left tentacle)
Wands
 u - a wand of flame (33/48)
Scrolls
 a - 3 scrolls of identify {unknown}
 g - 2 scrolls of enchant weapon {unknown}
 h - 3 scrolls of remove curse {unknown}
 m - 2 scrolls of teleportation {unknown}
 n - a scroll of immolation {unknown}
 o - a scroll of noise {unknown}
 p - a scroll of fog {unknown}
 v - a scroll of magic mapping {unknown}
Potions
 e - 2 potions of cancellation {unknown}
 k - a potion of brilliance {unknown}
 l - a potion of haste {unknown}
 q - a potion of heal wounds {unknown}
 r - 3 potions of lignification {unknown}
 s - a potion of resistance {unknown}
 x - a potion of curing {unknown}
Books
 d - a book of Geomancy

   Spells                             Type                      Level
   a - Sandblast                      Earth                        1
   b - Passwall                       Transmutation/Earth          2
   c - Stone Arrow                    Conjuration/Earth            3
   d - Petrify                        Transmutation/Earth          4
   e - Lee's Rapid Deconstruction     Earth                        5
Comestibles
 c - 2 bread rations
 i - 2 meat rations
 j - a royal jelly
 t - 6 fruits


   Skills:
 + Level 3.8 Dodging
 - Level 2.6 Stealth
 - Level 2.0 Spellcasting
 - Level 1.0 Transmutations
 * Level 5.6 Earth Magic


You had 6 spell levels left.
You knew the following spells:

 Your Spells              Type           Power        Failure   Level  Hunger
a - Sandblast             Erth           ###...       1%          1    #......
p - Passwall              Tmut/Erth      ##........   2%          2    ###....


Dungeon Overview and Level Annotations

Branches:
Dungeon (4/15)
 Temple: D:4-7

Altars:
Fedhas
Kikubaaqudgha

Annotations:
D:4 exclusion: ogre


Innate Abilities, Weirdness & Mutations

You cannot wear most types of armour.
You are very stealthy in the water. (Stealth+)
You are amphibious.
You can wear up to eight rings at the same time.
You can use your tentacles to constrict eight enemies at once.
Your skin changes colour to match your surroundings (Stealth+).
Your rubbery body absorbs attacks. (AC +1, EV +1)


Message History

Aim: a gnoll shaman, wielding a club and wearing a robe (moderately wounded)
The blast of sand hits the gnoll shaman.
The gnoll shaman is severely wounded.
b - 48 stones
Casting: Sandblast
Confirm with . or Enter, or press ? or * to list all spells.
Aiming: Sandblast
Press: ? - help, Shift-Dir - straight line, f/p - gnoll shaman
Aim: a gnoll shaman, wielding a club and wearing a robe (severely wounded)
The blast of sand hits the gnoll shaman.
You kill the gnoll shaman!
You have reached level 6!
Your experience leads to an increase in your attributes!
Increase (S)trength, (I)ntelligence, or (D)exterity?
You feel stronger.
b - 47 stones The gnoll misses you.
The gnoll barely misses you. The gnoll hits you with a whip!
There is a stone staircase leading up here.
Are you sure you want to abandon this character and quit the game? (Confirm with "yes".)

#.. #.#..... .... #.#
...>.. ..... #.#
#...###).. #.# #...#...
#.# #####...#.# ##.##
#........)#
#...########..g#.#
#.#...#####..g.#####
#.##+.......@........
#####....########.#######
.........#.....#....
.........#.###.##.###
....#....#.# #.##.#
(...#....#.# #.##.#
..#.#.#....# #.##.#
.[#.#.#....# #.. .#
#.#.#.#....#


You could see 2 gnolls.

Vanquished Creatures
  A gnoll shaman (D:4)
  Jessica (D:3)
  An orc wizard (D:3)
  7 adders
  2 gnolls (D:4)
  An ooze (D:1)
  A worm (D:2)
  2 leopard geckos
  7 orcs
  5 bats
  2 giant cockroaches (D:2)
  2 goblins (D:1)
  11 hobgoblins
  12 kobolds
  2 quokkas (D:3)
  7 frilled lizards
  4 rats
68 creatures vanquished.

Notes
Turn   | Place    | Note
-------+----------+-------------------------------------------
     0 | D:1      | wojtek the Octopode Earth Elementalist began the quest for the Orb.
     0 | D:1      | Reached XP level 1. HP: 11/11 MP: 3/3
   525 | D:1      | Reached XP level 2. HP: 13/17 MP: 1/5
  1489 | D:1      | Reached XP level 3. HP: 21/21 MP: 0/6
  2415 | D:2      | Reached skill level 4 in Earth Magic
  2596 | D:2      | Reached XP level 4. HP: 22/27 MP: 3/7
  3689 | D:3      | Noticed Jessica
  3972 | D:2      | Learned a level 2 spell: Passwall
  4079 | D:3      | Reached XP level 5. HP: 31/31 MP: 6/8
  4176 | D:3      | Reached skill level 5 in Earth Magic
  4352 | D:3      | Killed Jessica
  4630 | D:3      | Found an ancient bone altar of Kikubaaqudgha.
  4668 | D:4      | Found a blossoming altar of Fedhas.
  4668 | D:4      | Noticed an ogre
  4725 | D:4      | Reached XP level 6. HP: 36/36 MP: 0/9
  4729 | D:4      | Quit the game

Skill      XL: |  1  2  3  4  5 |
---------------+----------------+-----
Earth Magic    | 4 5 |  5.6
Dodging        | 3 |  3.8
Stealth        | |  2.6
Spellcasting   | |  2.0
Transmutations | |  1.0

Action                   |  1- 3 |  4- 6 || total
-------------------------+-------+-------++-------
Melee: Unarmed           |    84 |    83 ||   167
       Constrict         |    24 |    19 ||    43
       Tentacles         |    17 |    12 ||    29
 Cast: Sandblast         |    28 |    31 ||    59
 Stab: Sleeping          |    11 |     8 ||    19
  Eat: Chunk             |     5 |     7 ||    12
Armor: Skin              |    10 |     4 ||    14
Dodge: Dodged            |    47 |    56 ||   103
